 Dungeon Crawl Stone Soup version 0.30-a0-618-gd6c86c23d0 (webtiles) character file.

Game seed: 9493503778699207045

3023 Armakuni the Carver (level 10, -6/74 HPs)
             Began as a Human Wanderer on Jan 9, 2023.
             Was an Initiate of Gozag.
             Killed by the air
             ... invoked by Gastronok
              (23 damage)
             ... on level 8 of the Dungeon.
             The game lasted 00:15:13 (7438 turns).

Armakuni the Carver (Human Wanderer)                Turns: 7438, Time: 00:15:14

Health: -6/74      AC: 13    Str: 11    XL:     10   Next: 10%
Magic:  11/11      EV: 12    Int: 12    God:    Gozag
Gold:   1062       SH:  6    Dex: 19    Spells: 11/11 levels left

rFire   . . .      SeeInvis .    a - +8 trident (pain)
rCold   . . .      Faith    .    c - +0 buckler
rNeg    . . .      Spirit   .    z - +1 ring mail {Will+}
rPois   .          Reflect  .    n - +0 helmet
rElec   .          Harm     .    y - +0 cloak
rCorr   .          Rampage  .    g - +1 pair of gloves
Will    .....                    r - +0 pair of boots
Stlth   +                        (no amulet)
HPRegen 0.32/turn                (no ring)
MPRegen 0.12/turn                (no ring)

@: weak-willed, slowed, very slow
A: no striking features
a: Renounce Religion, Potion Petition, Call Merchant, Bribe Branch


You were on level 8 of the Dungeon.
You worshipped Gozag.
Gozag was most pleased with you.
You visited 2 branches of the dungeon, and saw 9 of its levels.

You collected 1120 gold pieces.
You paid 58 gold pieces to Gozag.

Inventory:

Hand Weapons
 a - a +8 trident of pain (weapon)
 u - a +0 falchion
 E - a +2 dagger of venom
Armour
 c - a +0 buckler (worn)
 g - a +1 pair of gloves (worn)
 n - a +0 helmet (worn)
 r - a +0 pair of boots (worn)
 y - a +0 cloak (worn)
 z - a +1 ring mail of willpower (worn)
Wands
 p - a wand of paralysis (8)
 s - a wand of polymorph (3)
 v - a wand of flame (4)
Scrolls
 e - 5 scrolls of teleportation
 h - a scroll of fear
 A - a scroll of identify
 C - a scroll of enchant weapon
 X - a scroll of enchant armour
Potions
 d - 5 potions of haste
 f - 4 potions of curing
 i - 3 potions of flight
 j - a potion of brilliance
 k - a potion of resistance {unknown}
 m - a potion of mutation {unknown}
 o - 2 potions of ambrosia {unknown}
 w - a potion of berserk rage
 x - a potion of invisibility {unknown}
 B - a potion of attraction {unknown}


   Skills:
 - Level 5.5 Fighting
 - Level 8.5 Long Blades
 - Level 2.0 Polearms
 + Level 6.1 Armour
 - Level 5.0 Dodging
 - Level 4.0 Shields
 - Level 1.0 Spellcasting
 - Level 2.5 Evocations


You had 11 spell levels left.
You didn't know any spells.
Your spell library contained the following spells:

 Spells                   Type           Power      Damage    Failure   Level
 Freeze                   Ice            0%         1d3       63%         1
 Frozen Ramparts          Ice            0%         1d1       94%         3
 Hailstorm                Conj/Ice       0%         3d3       94%         3
 Airstrike                Air            0%         2d(0-16)  100%        4
 Ice Form                 Ice/Tmut       0%         N/A       100%        4
 Summon Ice Beast         Ice/Summ       0%         N/A       100%        4
 Summon Lightning Spire   Summ/Air       0%         N/A       100%        4
 Lightning Bolt           Conj/Air       0%         1d11      100%        5


Dungeon Overview and Level Annotations

Branches:
Dungeon (8/15)             Temple (1/1) D:5
   Lair: D:8-11

Altars:
Ashenzari
Cheibriados
Dithmenos
Elyvilon
Gozag
Hepliaklqana
Kikubaaqudgha
Makhleb
Nemelex Xobeh
Okawaru
Qazlal
Ru
Sif Muna
Trog
Uskayaw
Vehumet
Wu Jian
Xom
Yredelemnul
Zin
The Shining One

Shops:
D:5 (   D:6 [

Annotations:
D:8 Gastronok


Message History

Aim: Gastronok, wearing a +0 hat (poison gas, lightly wounded, covering ground quickly, very poisoned, 94% to hit, immune to nets)
You throw a throwing net. The throwing net hits Gastronok.
Gastronok is too large for the net to hold!
Gastronok is lightly wounded.
Gastronok is engulfed in poison gas.
Gastronok looks even sicker.
Aiming: Paralyse
Press: ? - help, Shift-Dir - straight line, f/p - Gastronok
Aim: Gastronok, wearing a +0 hat (poison gas, moderately wounded, covering ground quickly, very poisoned, chance to affect: 11%)
Okay, then.
Really read the scroll of vulnerability?
As you read the scroll of vulnerability, it crumbles to dust.
Magic quickly surges around you.
Gastronok is engulfed in poison gas.
Gastronok looks as sick as possible!
Gastronok waves his eye-stalks in wide circles.
The air twists around and strikes you!!
Aiming: Paralyse
Press: ? - help, Shift-Dir - straight line, f/p - Gastronok
Aim: Gastronok, wearing a +0 hat (moderately wounded, covering ground quickly, extremely poisoned, weak-willed, chance to affect: 37%) Gastronok resists with some effort.
Aiming: Paralyse
Press: ? - help, Shift-Dir - straight line, f/p - Gastronok
Aim: Gastronok, wearing a +0 hat (moderately wounded, covering ground quickly, extremely poisoned, weak-willed, chance to affect: 37%) Gastronok resists with some effort.
Gastronok gurgles.
Aiming: Paralyse
Press: ? - help, Shift-Dir - straight line, f/p - Gastronok
Aim: Gastronok, wearing a +0 hat (poison gas, moderately wounded, covering ground quickly, extremely poisoned, weak-willed, chance to affect: 37%) Gastronok resists with some effort.
Gastronok is engulfed in poison gas.
Gastronok looks as sick as possible!
Aiming: Paralyse
Press: ? - help, Shift-Dir - straight line, f/p - Gastronok
Aim: Gastronok, wearing a +0 hat (heavily wounded, covering ground quickly, extremely poisoned, weak-willed, chance to affect: 37%) Gastronok resists with some effort.
Gastronok attacks as you move away! Gastronok barely misses you.
Gastronok attacks as you move away! Gastronok bites you!!
* * * LOW HITPOINT WARNING * * *
Gastronok waves his eye-stalks in wide circles.
The air twists around and strikes you!!
You die...
Your body crumbles into a pile of gold.

#... .... #..(
#..# #..# ##
#..###....
#..(...#
#.w#############
#>..@.........)#
#..###########.#
.....# #.#
...##..# #.# ##
#..# ######<#
#..# #......#
#..# #.######
...#


You could see Gastronok (swift, very poisoned, weak-willed).

Vanquished Creatures
  5 yaks (D:5)
  4 steam dragons
  2 water moccasins (D:6)
  3 ice beasts
  2 ogres (D:6)
  2 bullfrogs (D:7)
  A gnoll sergeant (D:7)
  6 killer bees (D:6)
  An electric eel (D:6)
  3 howler monkeys (D:7)
  A hound (D:6)
  An orc priest (D:6)
  A gnoll bouda (D:7)
  3 iguanas
  Ijyb (D:3)
  An orc wizard (D:6)
  12 adders
  15 gnolls
  A white imp (D:7)
  3 worms
  4 dart slugs
  6 orcs
  3 endoplasms
  2 giant cockroaches (D:4)
  7 goblins
  11 hobgoblins
  8 jackals
  6 kobolds
  2 quokkas
  5 ball pythons
  3 bats
  4 frilled lizards
  5 rats
134 creatures vanquished.

Vanquished Creatures (others)
  A gnoll (D:7)
  An adder (D:6)
  A white imp (D:7)
  4 plants (D:6)
7 creatures vanquished.

Grand Total: 141 creatures vanquished

Notes
Turn   | Place    | Note
-------+----------+-------------------------------------------
     0 | D:1      | Armakuni the Human Wanderer began the quest for the Orb.
     0 | D:1      | Armakuni set off with the following items: a +0 spear, a +2
                  | scale mail, a +0 buckler, a potion of haste.
     0 | D:1      | Reached XP level 1. HP: 15/15 MP: 2/2
   140 | D:1      | Reached XP level 2. HP: 19/21 MP: 3/3
   719 | D:2      | Reached XP level 3. HP: 26/26 MP: 4/4
   785 | D:2      | Reached XP level 4. HP: 27/32 MP: 5/5
  1226 | D:3      | You fall into a shaft and drop 2 floors!
  1226 | D:5      | Entered Level 5 of the Dungeon
  1246 | D:5      | Reached XP level 5. HP: 25/37 MP: 6/6
  1296 | D:5      | Found a staircase to the Ecumenical Temple.
  1305 | Temple   | Entered the Ecumenical Temple
  1487 | Temple   | Became a worshipper of Gozag Ym Sagoz the Greedy
  1575 | D:5      | Noticed a yak
  2065 | D:3      | Reached XP level 6. HP: 37/43 MP: 7/7
  2340 | D:3      | Found a sparkling altar of Nemelex Xobeh.
  2340 | D:3      | Noticed Ijyb
  2385 | D:3      | Killed Ijyb
  3307 | D:4      | Found a sacrificial altar of Ru.
  3309 | D:4      | Found a snail-covered altar of Cheibriados.
  3993 | D:5      | Noticed a yak
  3993 | D:5      | Noticed a yak
  3993 | D:5      | Noticed a yak
  3993 | D:5      | Noticed a yak
  4000 | D:5      | Killed a yak
  4000 | D:5      | Killed a yak
  4000 | D:5      | Killed a yak
  4000 | D:5      | Killed a yak
  4000 | D:5      | Killed a yak
  4001 | D:5      | Reached skill level 5 in Fighting
  4001 | D:5      | Reached skill level 5 in Armour
  4001 | D:5      | Reached skill level 5 in Dodging
  4001 | D:5      | Reached XP level 7. HP: 10/56 MP: 8/8
  4001 | D:5      | Reached XP level 8. HP: 11/62 MP: 9/9
  4320 | D:5      | Found Zerij's Antique Weapon Shoppe.
  4868 | D:6      | Reached skill level 1 in Long Blades
  5091 | D:5      | Reached skill level 2 in Long Blades
  5155 | D:6      | Reached skill level 3 in Long Blades
  5155 | D:6      | Reached XP level 9. HP: 51/68 MP: 10/10
  5268 | D:6      | Reached skill level 4 in Long Blades
  5377 | D:6      | Reached skill level 5 in Long Blades
  5555 | D:6      | Reached skill level 6 in Long Blades
  5780 | D:6      | Found Dobrynya's Dragon-Slaying Spoils.
  6011 | D:6      | Reached skill level 7 in Long Blades
  6227 | D:7      | Reached skill level 8 in Long Blades
  6513 | D:7      | Reached XP level 10. HP: 28/74 MP: 11/11
  7146 | D:7      | Found a hide-covered altar of Uskayaw.
  7420 | D:8      | Noticed Gastronok
  7438 | D:8      | Killed from afar by Gastronok

Illustrated notes

Levels and vault maps discovered:
D:1:      scummos_arrival_simple_crosswalls, layout_basic, minivault_24
D:2:      layout_rooms, kennysheep_flooded_box, minmay_tiny_reverse_x
D:3:      layout_loops_ring, mainiacjoe_overflow_small_starburst, uniq_ijyb
D:4:      layout_layer_cave, mainiacjoe_overflow_divided_tiny
D:5:      layout_rooms, minmay_temple_entry_statues_pillars, serial_shops,
          nicolae_shop_waterfront
D:6:      layout_basic, st_stairs_1, nicolae_shop_dragon_depot,
          serial_bayou_lake_a
D:7:      layout_basic, mainiacjoe_overflow_alcove_1
D:8:      layout_loops_ring, ploomutoo_gammafunk_ghost_potion_laboratory,
          serial_shops, shop, introduction_to_nature_2, uniq_gastronok
Temple:   minmay_crystal_spiral_temple

Skill      XL: |  1  2  3  4  5  6  7  8  9 10 |
---------------+-------------------------------+-----
Dodging        | 2 3 5 |  5.0
Shields        | 3 4 |  4.0
Armour         | 5 6 |  6.1
Fighting       | 5 |  5.5
Evocations     | 2 |  2.5
Long Blades    | 3 8 |  8.5
Polearms       | |  2.0
Spellcasting   | |  1.0

Action                   |  1- 3 |  4- 6 |  7- 9 | 10-12 || total
-------------------------+-------+-------+-------+-------++-------
Melee: Spear             |   100 |   227 |   103 |       ||   430
       Unarmed           |       |     7 |       |       ||     7
       Dagger            |       |       |   183 |    37 ||   220
       Trident           |       |       |       |     6 ||     6
Throw: Throwing net      |       |       |       |     1 ||     1
Evoke: Wand              |       |       |     7 |     8 ||    15
  Use: Scroll            |     2 |     9 |     3 |     3 ||    17
       Potion            |     2 |     1 |       |       ||     3
 Stab: Paralysed         |       |       |    16 |     2 ||    18
       Distracted        |       |       |     3 |     1 ||     4
Armor: Scale mail        |    36 |    75 |     6 |       ||   117
       Ring mail         |       |       |   105 |     9 ||   114
Dodge: Dodged            |    33 |    58 |   122 |    15 ||   228
Block: Buckler           |    16 |    35 |    57 |     6 ||   114

Table legend: (Time is in decaauts)
 A = Elapsed time spent in this place.
 B = Non-inter-level travel time spent in this place.
 C = Inter-level travel time spent in this place.
 D = Time resting spent in this place.
 E = Time spent auto-exploring this place.
 F = Levels seen in this place.
 G = Mean time per level.
                   A        B        C        D        E       F      G
               +--------+--------+--------+--------+--------+-----+--------+
         Total |   7455 |   7097 |    358 |   1132 |   4237 |   9 |  828.3 |
       Dungeon |   7241 |   6967 |    274 |   1132 |   4125 |   8 |  905.1 |
        Temple |    213 |    129 |     84 |      0 |    112 |   1 |  213.0 |
               +--------+--------+--------+--------+--------+-----+--------+

Top non-repeatable levels by time:
     D:6: 1807 daAuts
     D:4: 1469 daAuts
     D:7: 1067 daAuts
     D:5: 832 daAuts
     D:3: 821 daAuts
     D:2: 606 daAuts
     D:1: 597 daAuts
  Temple: 213 daAuts
     D:8: 40 daAuts
